 Seeded DCSS version 0.30-a0-622-gddc90ea (webtiles) character file.

Game seed: 8997268067546254361 (custom seed)

43480 Sixotanaka the Marksfrog (level 14, 0/124 HPs)
             Began as a Barachi Hunter on Jan 10, 2023.
             Was a Priest of Cheibriados.
             Slain by a catoblepas (5 damage)
             ... while petrified by a catoblepas
             ... on level 5 of the Lair of Beasts.
             The game lasted 00:44:19 (15936 turns).

Sixotanaka the Marksfrog (Barachi Hunter)          Turns: 15936, Time: 00:44:19

Health: 0/124      AC: 15    Str: 23    XL:     14   Next: 24%
Magic:  0/20       EV:  2    Int: 18    God:    Cheibriados [***...]
Gold:   1013       SH:  0    Dex: 26    Spells: 11/13 levels left

rFire   + + .      SeeInvis .    a - +0 shortbow
rCold   + . .      Faith    .    (shield currently unavailable)
rNeg    + + +      Spirit   +    f - +1 troll leather armour {Snorg}
rPois   ∞          Reflect  .    r - +0 helmet
rElec   .          Harm     .    A - scarf {repulsion}
rCorr   .          Rampage  .    l - +0 pair of gloves
Will    +....                    R - +1 pair of boots of the Voracious God {rF++}
Stlth   ++                       B - amulet of guardian spirit
HPRegen 1.20/turn                c - ring of Hauli {rC+ rN+ Slay+4}
MPRegen 0.17/turn                X - +4 ring of protection

@: petrified, slowed, repel missiles, very slow
A: amphibious, slowness 1, strong legs 2, +LOS
a: Hop, Renounce Religion, Bend Time, Temporal Distortion


You were on level 5 of the Lair of Beasts.
You worshipped Cheibriados.
Cheibriados was most pleased with you.
You visited 3 branches of the dungeon, and saw 17 of its levels.
You also visited: Gauntlet.

You collected 1169 gold pieces.
You spent 156 gold pieces at shops.

Inventory:

Hand Weapons
 a - a +0 shortbow (weapon)
Missiles
 m - 4 throwing nets
 N - 4 silver boomerangs
Armour
 f - a +1 troll leather armour (worn) {Snorg}
 l - a +0 pair of gloves (worn)
 r - a +0 helmet (worn)
 A - a scarf of repulsion (worn)
 G - the +0 leather armour of Sabaprod {rF++}
   (You found it on level 11 of the Dungeon)

   rF:        It greatly protects you from fire.
 R - the +1 pair of boots of the Voracious God (worn) {rF++}
   (You acquired it on level 10 of the Dungeon)

   rF:        It greatly protects you from fire.
Jewellery
 c - the ring of Hauli (left hand) {rC+ rN+ Slay+4}
   (You acquired it on level 10 of the Dungeon)

   [ring of slaying]

   Slay:      It affects your accuracy & damage with ranged weapons and melee
   (+4).
   rC:        It protects you from cold.
   rN:        It protects you from negative energy.
 k - a ring of positive energy
 B - an amulet of guardian spirit (around neck)
 C - a ring of resist corrosion
 D - a ring of fire
 Q - a ring of positive energy
 U - the ring "Ganeo" {rC+ Str+3}
   (You found it on level 4 of the Lair of Beasts)

   [ring of protection from cold]

   Str:       It affects your strength (+3).
   rC:        It protects you from cold.
 X - a +4 ring of protection (right hand)
Wands
 s - a wand of digging (11)
 E - a wand of flame (59)
 K - a wand of polymorph (12)
 L - a wand of paralysis (7)
 W - a wand of roots (12)
Scrolls
 b - 5 scrolls of immolation
 d - 3 scrolls of enchant armour
 e - 14 scrolls of teleportation
 i - 2 scrolls of fear
 j - 4 scrolls of fog
 o - a scroll of blinking
 t - 2 scrolls of magic mapping
 u - 3 scrolls of enchant weapon
 w - 5 scrolls of silence
 x - 3 scrolls of vulnerability
 y - 3 scrolls of amnesia
 F - 2 scrolls of torment {unknown}
 P - a scroll of poison {unknown}
 S - a scroll of brand weapon {unknown}
Potions
 g - a potion of resistance {unknown}
 h - a potion of berserk rage
 n - 3 potions of haste
 p - 3 potions of attraction
 q - 3 potions of magic
 v - 3 potions of lignification
 z - 2 potions of might
 J - 5 potions of curing
 M - 3 potions of invisibility {unknown}
 O - a potion of cancellation {unknown}
 T - a potion of flight {unknown}
 V - 4 potions of brilliance {unknown}
 Y - a potion of ambrosia {unknown}
 Z - a potion of mutation {unknown}
Miscellaneous
 I - a phial of floods


   Skills:
 + Level 15.8 Fighting
 - Level 16.0 Ranged Weapons
 - Level 8.0 Armour
 - Level 8.0 Dodging
 - Level 0.9 Stealth
 - Level 4.0 Translocations
 - Level 8.0 Invocations


You had 11 spell levels left.
You knew the following spells:

 Your Spells              Type           Power      Damage    Failure   Level
a - Blink                 Tloc           28%        N/A       7%          2

Your spell library contained the following spells:

 Spells                   Type           Power      Damage    Failure   Level
 Gell's Gravitas          Tloc           14%        N/A       14%         3
 Lesser Beckoning         Tloc           28%        N/A       14%         3
 Teleport Other           Tloc           14%        N/A       14%         3
 Momentum Strike          Conj/Tloc      14%        3d8       16%         2
 Sandblast                Erth           0%         2d4       24%         1
 Sting                    Tmut/Pois      0%         1d3       24%         1
 Portal Projectile        Hex/Tloc       14%        N/A       32%         3
 Vhi's Electric Charge    Tloc/Air       14%        N/A       32%         3
 Cigotuvi's Dreadful Rot  Necr/Pois/Air  0%         N/A       36%         2
 Ensorcelled Hibernation  Hex/Ice        0%         N/A       36%         2
 Passwall                 Tmut/Erth      0%         N/A       36%         2
 Poisonous Vapours        Pois/Air       0%         N/A       36%         2
 Sublimation of Blood     Necr           0%         N/A       36%         2
 Call Canine Familiar     Summ           0%         N/A       58%         3
 Stone Arrow              Conj/Erth      0%         3d7       58%         3
 Summon Guardian Golem    Hex/Summ       0%         N/A       58%         3
 Swiftness                Air            0%         N/A       58%         3
 Dispel Undead            Necr           0%         3d6       94%         4
 Leda's Liquefaction      Hex/Erth       0%         N/A       94%         4
 Olgreb's Toxic Radiance  Pois           0%         N/A       94%         4
 Petrify                  Tmut/Erth      0%         N/A       94%         4
 Arcjolt                  Conj/Air       0%         1d10      100%        5
 Blade Hands              Tmut           0%         N/A       100%        5
 Irradiate                Conj/Tmut      0%         3d11      100%        5
 Death Channel            Necr           0%         N/A       100%        6
 Dragon Form              Tmut           0%         N/A       100%        7
 Orb of Destruction       Conj           0%         9d5       100%        7
 Spellforged Servitor     Conj/Summ      0%         N/A       100%        7
 Maxwell's Capacitive Co  Air            0%         ∞         100%        8


Dungeon Overview and Level Annotations

Branches:
Dungeon (11/15)            Temple (1/1) D:4            Lair (5/5) D:9
 Shoals (0/4) Lair:2       Spider (0/4) Lair:2        Slime (0/5) Lair:4
    Orc (0/2) D:9         Gauntlet (visited)

Altars:
Ashenzari
Cheibriados
Elyvilon
Fedhas
Gozag
Kikubaaqudgha
Makhleb
Okawaru
Qazlal
Ru
Sif Muna
Trog
Uskayaw
Vehumet
Yredelemnul
The Shining One

Shops:
D:4 *   D:8 *

Annotations:
D:10 1 runed translucent door
Lair:1 exclusions: hydra and 4 more exclusions
Lair:4 3 runed translucent doors, exclusion: oklob plant, runemage's ghost, journeyman GnFi


Innate Abilities, Weirdness & Mutations

You are amphibious.
You cover ground slowly.
You can hop long distances.
You have an extended range of vision and can be seen from far away.


Message History

The manticore barely misses you.
The manticore claws you but does no damage.
The manticore claws you! The catoblepas gores you!!
The manticore bites you but does no damage.
The manticore closely misses you. The manticore claws you!
The catoblepas breathes a plume of calcifying dust at you.
The blast of calcifying dust hits you.
You have turned to stone.
You are engulfed in calcifying dust.
The manticore bites you.
The manticore claws you but does no damage. x2
The catoblepas gores you!
* * * LOW HITPOINT WARNING * * *
You are engulfed in calcifying dust.
The manticore bites you but does no damage.
The manticore claws you. The manticore claws you!
* * * LOW HITPOINT WARNING * * *
The catoblepas gores you but does no damage.
You are engulfed in calcifying dust.
The manticore bites you!!
* * * LOW HITPOINT WARNING * * *
The manticore claws you but does no damage.
The manticore claws you.
* * * LOW HITPOINT WARNING * * *
The catoblepas gores you but does no damage.
The manticore bites you!
* * * LOW HITPOINT WARNING * * *
The manticore claws you but does no damage. x2
The catoblepas gores you but does no damage.
The manticore bites you!
* * * LOW HITPOINT WARNING * * *
The manticore claws you.
* * * LOW HITPOINT WARNING * * *
The manticore claws you but does no damage.
The catoblepas breathes a plume of calcifying dust at you.
The blast of calcifying dust hits you but does no damage.
You are engulfed in calcifying dust.
The manticore bites you!
* * * LOW HITPOINT WARNING * * *
The manticore claws you.
* * * LOW HITPOINT WARNING * * *
The manticore claws you but does no damage.
The catoblepas gores you!
You die...

#....#####.....# ..###.##....
.....#.........# ..H####.....
.....#...#....P# .#. ##.....
##...#..†....########.. ###......
#...###.###.......##.w#..##....##
#....P###.....#...##....###..####
.......#......#...#......##...#
#.....###.....#.###.†....#....##
.....## ##.#§.§§@Yw...####...#.#
.P#### ####....H.P..###....###
### ###...#####......# ### #####
#.......# ..###### ####......P#
.......# ####.........## ......##
#.#...........#### .......#
#.....(.........P# .....^.####
##...^............#


You could see a catoblepas, a torpor snail and a manticore.

Vanquished Creatures
  A minotaur (Gauntlet)
  Snorg (D:10)
  Harold (D:11)
  2 catoblepae
  2 hydras
  A boulder beetle (Lair:5)
  10 death yaks
  A lindwurm (Lair:5)
  An ugly thing (D:11)
  Pikel (D:7)
  A manticore (Lair:5)
  Joseph (D:10)
  A worldbinder (Gauntlet)
  15 elephants
  5 black mambas
  A rust devil (Gauntlet)
  A gargoyle (D:9)
  10 cane toads
  2 rime drakes (Lair:5)
  8 komodo dragons
  2 kobold demonologists (D:9)
  2 trolls
  2 polar bears
  8 dream sheep (Lair:5)
  2 culicivoras (Lair:2)
  3 wyverns
  4 wraiths
  31 yaks
  5 shadows
  2 vampires (D:10)
  2 ynoxinuls
  4 basilisks
  Grum (D:6)
  A chaos spawn (Gauntlet)
  A steam dragon (D:8)
  A neqoxec (Gauntlet)
  An acid dragon (D:10)
  8 water moccasins
  An orc warrior (D:9)
  3 sky beasts
  A black bear (Lair:1)
  2 ice beasts
  10 wolves
  A boggart (Gauntlet)
  6 centaurs
  2 ogres
  2 phantoms
  2 lemures (D:7)
  6 kobold brigands
  A necrophage (D:6)
  9 bullfrogs
  4 gnoll sergeants
  2 scorpions
  8 killer bees
  4 vampire bats (D:3)
  3 howler monkeys
  3 electric eels (D:6)
  6 jellies
  4 orc priests
  4 gnoll boudas
  8 hounds
  3 iron imps (Gauntlet)
  Terence (D:3)
  4 iguanas
  6 orc wizards
  2 hell rats (D:9)
  34 gnolls
  5 adders
  A river rat (D:9)
  2 shadow imps
  2 white imps
  4 worms
  A dart slug (D:3)
  30 orcs
  8 ball pythons
  5 endoplasms
  3 giant cockroaches
  4 goblins
  8 hobgoblins
  8 jackals
  22 kobolds
  3 quokkas
  5 bats
  3 frilled lizards
  5 rats
407 creatures vanquished.

Vanquished Creatures (others)
  14 demonic plants (Gauntlet)
  24 fungi
  19 plants
57 creatures vanquished.

Grand Total: 464 creatures vanquished

Notes
Turn   | Place    | Note
-------+----------+-------------------------------------------
     0 | D:1      | Sixotanaka the Barachi Hunter began the quest for the Orb.
     0 | D:1      | Reached XP level 1. HP: 17/17 MP: 1/1
   479 | D:1      | Reached XP level 2. HP: 23/23 MP: 2/2
   879 | D:2      | Reached XP level 3. HP: 28/28 MP: 3/3
   948 | D:2      | Reached skill level 5 in Ranged Weapons
  1293 | D:3      | Noticed Terence
  1302 | D:3      | Killed Terence
  1303 | D:3      | Reached XP level 4. HP: 34/34 MP: 4/4
  1366 | D:3      | Found a blossoming altar of Fedhas.
  1581 | D:3      | Reached skill level 6 in Ranged Weapons
  1581 | D:3      | Reached XP level 5. HP: 39/39 MP: 5/5
  1979 | D:3      | Reached skill level 7 in Ranged Weapons
  1979 | D:3      | Reached XP level 6. HP: 46/46 MP: 6/6
  2088 | D:3      | Found an ancient bone altar of Kikubaaqudgha.
  2091 | D:3      | Found a stormy altar of Qazlal.
  2092 | D:3      | Found a sacrificial altar of Ru.
  2166 | D:4      | Found Cyiroeq's Neck Hole.
  2628 | D:4      | Found a staircase to the Ecumenical Temple.
  2654 | Temple   | Entered the Ecumenical Temple
  2767 | Temple   | Became a worshipper of Cheibriados the Contemplative
  2882 | D:4      | Reached XP level 7. HP: 18/52 MP: 7/7
  2886 | D:4      | Reached skill level 8 in Ranged Weapons
  2929 | D:4      | Bought a scarf of repulsion for 156 gold pieces
  3203 | D:5      | Entered Level 5 of the Dungeon
  3369 | D:5      | Reached * piety under Cheibriados
  3461 | D:5      | Noticed a +0 dagger
  3462 | D:5      | Noticed a +0 hand axe
  3463 | D:5      | Found a hide-covered altar of Uskayaw.
  3605 | D:5      | Reached skill level 9 in Ranged Weapons
  3679 | D:5      | Found a glowing drain.
  3688 | D:5      | Reached XP level 8. HP: 61/61 MP: 8/8
  4103 | D:6      | Found a broken altar of Ashenzari.
  4121 | D:5      | Reached skill level 5 in Fighting
  4551 | D:6      | Reached ** piety under Cheibriados
  4572 | D:6      | Reached skill level 10 in Ranged Weapons
  4764 | D:6      | Reached XP level 9. HP: 70/71 MP: 9/9
  4962 | D:6      | Reached skill level 11 in Ranged Weapons
  4965 | D:6      | Reached *** piety under Cheibriados
  5181 | D:6      | Noticed Grum
  5198 | D:6      | Killed Grum
  5639 | D:7      | Noticed Pikel
  5654 | D:7      | Killed Pikel
  5655 | D:7      | Reached skill level 12 in Ranged Weapons
  5762 | D:7      | Reached **** piety under Cheibriados
  6055 | D:7      | Reached XP level 10. HP: 82/82 MP: 10/10
  6170 | D:7      | Reached skill level 1 in Armour
  6422 | D:7      | Found a glowing golden altar of the Shining One.
  6423 | D:7      | Noticed an angel
  6446 | D:7      | Found a basalt altar of Yredelemnul.
  6447 | D:7      | Noticed a profane servitor
  6627 | D:8      | Found Zynag's General Store.
  6991 | D:9      | Noticed a kobold demonologist
  6992 | D:9      | Noticed a kobold demonologist
  7002 | D:9      | Reached skill level 1 in Invocations
  7008 | D:9      | Killed a kobold demonologist
  7009 | D:9      | Reached skill level 13 in Ranged Weapons
  7015 | D:9      | Noticed a rust devil
  7158 | D:9      | Found a staircase to the Orcish Mines.
  7159 | D:9      | Found a staircase to the Lair.
  7166 | D:9      | Noticed a sun demon
  7168 | D:9      | Noticed a sun demon
  7169 | D:9      | Noticed a smoke demon
  7172 | D:9      | Killed a kobold demonologist
  7177 | D:9      | Reached ***** piety under Cheibriados
  7202 | D:9      | Noticed a death yak
  7211 | D:9      | Noticed a death yak
  7212 | D:9      | Noticed a death yak
  7539 | D:9      | Noticed a gargoyle
  7550 | D:9      | Killed a gargoyle
  7826 | D:9      | Found an opulent altar of Gozag.
  7941 | D:9      | Reached skill level 5 in Dodging
  7941 | D:9      | Reached XP level 11. HP: 61/89 MP: 8/13
  8077 | D:9      | Killed a death yak
  8078 | D:9      | Reached skill level 5 in Armour
  8275 | D:9      | Learned a level 2 spell: Blink
  8696 | D:10     | Entered Level 10 of the Dungeon
  8759 | D:10     | Reached skill level 14 in Ranged Weapons
  9048 | D:10     | Noticed Joseph
  9066 | D:10     | Killed Joseph
  9181 | D:10     | Identified 2 scrolls of acquirement
  9199 | D:10     | Acquired the +1 pair of boots of the Voracious God {rF++}
  9213 | D:10     | Acquired the ring of Hauli {rC+ rN+ Slay+4}
  9224 | D:10     | Noticed Snorg
  9237 | D:10     | Killed Snorg
  9491 | D:10     | Found a runed translucent door.
  9491 | D:10     | Noticed a sixfirhy
  9600 | D:10     | Found a shimmering blue altar of Sif Muna.
  9614 | D:10     | Got Sif Muna's Meditations on Geology
  9625 | D:10     | Found a bloodstained altar of Trog.
  9953 | D:11     | Noticed Harold
  9969 | D:11     | Killed Harold
 10207 | D:11     | Identified the +0 leather armour of Sabaprod {rF++}
 10249 | D:11     | Reached XP level 12. HP: 95/95 MP: 15/15
 10657 | Lair:1   | Entered Level 1 of the Lair of Beasts
 10692 | Lair:1   | Reached skill level 5 in Invocations
 10788 | Lair:1   | Noticed a four-headed hydra
 10866 | Lair:1   | Reached skill level 15 in Ranged Weapons
 11417 | Lair:2   | Found a staircase to the Shoals.
 11429 | Lair:2   | Reached ****** piety under Cheibriados
 11473 | Lair:2   | Identified the +1 robe of Lust {rN+ rCorr}
 11508 | Lair:2   | Noticed a catoblepas
 11527 | Lair:2   | Killed a catoblepas
 12020 | Lair:2   | Found a hole to the Spider Nest.
 12369 | Lair:3   | Noticed a death yak
 12371 | Lair:3   | Noticed a death yak
 12385 | Lair:3   | Killed a death yak
 12391 | Lair:3   | Killed a death yak
 12392 | Lair:3   | Reached skill level 16 in Ranged Weapons
 12500 | Lair:3   | Identified the +4 war axe of Extremism {holy, Contam Dex+3}
 13020 | Lair:4   | Noticed an eight-headed hydra
 13090 | Lair:4   | Found a blossoming altar of Fedhas.
 13159 | Lair:4   | Identified the ring "Ganeo" {rC+ Str+3}
 13179 | Lair:4   | Reached skill level 1 in Translocations
 13301 | Lair:4   | Gained mutation: You can hop long distances. [Barachi
                  | growth]
 13301 | Lair:4   | Reached XP level 13. HP: 101/101 MP: 18/18
 13336 | Lair:4   | Found a staircase to the Slime Pits.
 13704 | Lair:4   | Found a runed translucent gate.
 13704 | Lair:4   | Found a runed translucent gate.
 13704 | Lair:4   | Found a runed translucent gate.
 13710 | Lair:4   | Noticed runemage's ghost (journeyman GnFi)
 13905 | Lair:5   | Entered Level 5 of the Lair of Beasts
 13987 | Lair:5   | Found a gate leading to a gauntlet.
 14008 | Gauntlet | Entered a Gauntlet
 14008 | Gauntlet | Found a transporter.
 14008 | Gauntlet | Found a transporter.
 14011 | Gauntlet | Found a transporter.
 14011 | Gauntlet | Found a transporter.
 14014 | Gauntlet | Found a transporter.
 14021 | Gauntlet | Found a transporter.
 14023 | Gauntlet | Noticed a green death
 14087 | Gauntlet | Found a transporter.
 14104 | Gauntlet | Found a transporter.
 14112 | Gauntlet | Found a transporter.
 14122 | Gauntlet | Found a transporter.
 14137 | Gauntlet | Found a transporter.
 14140 | Gauntlet | Found a transporter.
 14307 | Gauntlet | Reached skill level 10 in Fighting
 14419 | Gauntlet | Noticed a minotaur
 14433 | Gauntlet | Killed a minotaur
 15208 | Lair:5   | Reached XP level 14. HP: 121/121 MP: 9/20
 15737 | Lair:5   | Reached skill level 15 in Fighting
 15936 | Lair:5   | HP: 5/124 [manticore (2)]
 15936 | Lair:5   | Slain by a catoblepas

Illustrated notes

Levels and vault maps discovered:
D:1:      minmay_arrival_wavy_path, layout_basic, dk_noncrumbling_4
D:2:      layout_basic
D:3:      layout_loops_ring, gammafunk_temple_overflow_forgotten,
          fedhas_ov_isle_minmay, roderic_batcave, uniq_terence
D:4:      layout_rooms, minmay_temple_entry_ruins,
          nicolae_shop_sticking_my_neck_out
D:5:      layout_loops_ring, dancing_weapons_uskayaw,
          cheibrodos_sewer_entry_bend
D:6:      layout_cave_pools, ashenzari_conservatory_becter, serial_gnoll_camp,
          gnoll_camp_huts_moat, grums_kennel, gnoll_camp_mini_hut,
          gnoll_camp_mini_hut
D:7:      layout_loops_ring, grunt_temple_overflow_holy_war, uniq_pikel
D:8:      layout_cave_pools, grunt_ogre_cave, nicolae_take_the_stairs,
          minmay_crystal_water, hangedman_abyss_or_decor_clamps
D:9:      layout_basic, grunt_gozag_statues, dpeg_lair_monsters, orc_0_dummy,
          minmay_strange_pillars
D:10:     cheibrodos_shockbox, layout_loops_ring,
          nzn_overflow_gifts_of_might_and_magic, uniq_joseph, uniq_snorg
D:11:     layout_roguey, uniq_harold
Temple:   bh_familiar_temple
Lair:1:   layout_regular_city
Lair:2:   layout_long_grid, minmay_shoals_entry_centaurs,
          hellmonk_spider_entry_life_and_decay
Lair:3:   layout_loops_ring, serial_bayou_pond_a, minmay_holes,
          chequers_serial_rivers_large_b, serial_bayou_shore_b
Lair:4:   layout_big_grid, nicolae_slime_entry_field_trip,
          gammafunk_ghost_necromancy, hangedman_tree_tricks
Lair:5:   hangedman_lair_in_review, layout_hall_layers, gauntlet_entry_generic

Skill      XL: |  1  2  3  4  5  6  7  8  9 10 11 12 13 14 |
---------------+-------------------------------------------+-----
Ranged Weapons | 5 6 7 9 10 12 13 14 16 | 16.0
Fighting       | 3 4 6 8 9 14 15 | 15.8
Armour         | 4 7 8 |  8.0
Dodging        | 5 6 8 |  8.0
Invocations    | 2 4 7 8 |  8.0
Translocations | 2 4 |  4.0
Stealth        | |  0.9

Action                   |  1- 3 |  4- 6 |  7- 9 | 10-12 | 13-15 || total
-------------------------+-------+-------+-------+-------+-------++-------
Melee: Shortbow          |       |     2 |       |       |       ||     2
 Fire: Shortbow          |    56 |   195 |   521 |   779 |   476 ||  2027
Throw: Throwing net      |       |       |       |     3 |       ||     3
Invok: Slouch            |       |       |       |     3 |    11 ||    14
       Bend Time         |       |       |       |       |     2 ||     2
 Abil: Hop               |       |     2 |     7 |    12 |     9 ||    30
Evoke: Wand              |       |       |       |     7 |     1 ||     8
  Use: Potion            |       |     7 |       |     5 |       ||    12
       Scroll            |       |       |     7 |    11 |     3 ||    21
Armor: Leather armour    |     2 |    36 |    43 |    25 |       ||   106
       Skin              |       |    47 |     2 |       |       ||    49
       Troll leather arm |       |       |       |    26 |    70 ||    96
Dodge: Dodged            |     5 |    73 |   127 |   214 |   165 ||   584
       Repelled          |       |       |     5 |     5 |     2 ||    12

Table legend: (Time is in decaauts)
 A = Elapsed time spent in this place.
 B = Non-inter-level travel time spent in this place.
 C = Inter-level travel time spent in this place.
 D = Time resting spent in this place.
 E = Time spent auto-exploring this place.
 F = Levels seen in this place.
 G = Mean time per level.
                   A        B        C        D        E       F      G
               +--------+--------+--------+--------+--------+-----+--------+
         Total |  24907 |  23731 |   1176 |   2249 |  17178 |  18 | 1383.7 |
       Dungeon |  15229 |  14270 |    959 |   1819 |   9701 |  11 | 1384.5 |
        Temple |    142 |    100 |     42 |      0 |     88 |   1 |  142.0 |
          Lair |   8501 |   8327 |    174 |    386 |   6754 |   5 | 1700.2 |
      Gauntlet |   1033 |   1033 |      0 |     44 |    634 |   1 | 1033.0 |
               +--------+--------+--------+--------+--------+-----+--------+

Top non-repeatable levels by time:
     D:9: 3014 daAuts
  Lair:5: 2096 daAuts
     D:6: 1882 daAuts
  Lair:2: 1772 daAuts
    D:10: 1748 daAuts
  Lair:4: 1722 daAuts
     D:7: 1566 daAuts
  Lair:1: 1504 daAuts
  Lair:3: 1405 daAuts
    D:11: 1294 daAuts
     D:3: 1192 daAuts
     D:5: 1166 daAuts
     D:4: 1096 daAuts
Gauntlet: 1033 daAuts
     D:1: 824 daAuts
